 Dungeon Crawl Stone Soup version 0.20.1-1-g8b1a95d (webtiles) character file.

441 homeworkjunkie the Chopper (level 7, -2/60 HPs)
             Began as a Hill Orc Fighter on Dec 19, 2017.
             Killed by nerve-wracking pain
             ... invoked by Grinder
              (11 damage)
             ... on level 4 of the Dungeon.
             The game lasted 00:04:44 (3127 turns).

homeworkjunkie the Chopper (Hill Orc Fighter)       Turns: 3127, Time: 00:04:45

Health: -2/60      AC: 10    Str: 25    XL:     7   Next: 2%
Magic:  7/7        EV: 15    Int:  8    God:
Gold:   228        SH:  6    Dex: 20    Spells: 6/6 levels left

rFire    + . .     SeeInvis .   a - +0 war axe
rCold    + . .     Gourm    .   k - +0 buckler {rC+}
rNeg     . . .     Faith    .   b - +0 scale mail
rPois    .         Spirit   .   (no helmet)
rElec    .         Reflect  .   (no cloak)
rCorr    .         Harm     .   (no gloves)
MR       .....                  j - +2 pair of boots
Stlth    ++........             (no amulet)
Regen    0.2/turn               c - +4 ring of dexterity
MPRegen  0.1/turn               o - ring of protection from fire

@: mighty, agile
A: no striking features
a: Convert to Beogh


You were on level 4 of the Dungeon.
You were not hungry.

You visited 1 branch of the dungeon, and saw 7 of its levels.

You collected 228 gold pieces.

Inventory:

Hand Weapons
 a - a +0 war axe (weapon)
Armour
 b - a +0 scale mail (worn)
 j - a +2 pair of boots (worn)
 k - a +0 buckler of cold resistance (worn)
Jewellery
 c - a +4 ring of dexterity (left hand)
 n - an uncursed ring of poison resistance {unknown}
 o - a ring of protection from fire (right hand)
Scrolls
 g - 5 scrolls of remove curse
 h - 5 scrolls of identify
 i - a scroll of magic mapping
Comestibles
 f - 4 bread rations
 m - 2 meat rations


   Skills:
 * Level 4.8 Fighting
 * Level 6.6 Axes
 * Level 5.0 Armour
 + Level 0.2 Dodging
 + Level 0.6 Stealth
 * Level 4.1 Shields


You had 6 spell levels left.
You didn't know any spells.

Dungeon Overview and Level Annotations

Branches:
Dungeon (7/15)
 Temple: D:4-7

Altars:
Cheibriados
Hepliaklqana
Trog
Yredelemnul

Shops:
D:6 *

Annotations:
D:4 Grinder


Message History

The orc priest invokes the aid of Beogh against you.
Pain shoots through your body!
* * * LOW HITPOINT WARNING * * *
You feel better. The orc priest closely misses you.
You feel agile all of a sudden. The orc priest closely misses you.
You hit the orc priest.
The orc priest is heavily wounded.
The orc priest closely misses you.
You miss the orc priest.
The orc priest is heavily wounded.
The orc priest hits you.
* * * LOW HITPOINT WARNING * * *
Grinder says, "There's only one good use for a tongue: cutting it out."
You hit the orc priest.
The orc priest is severely wounded.
You hit Grinder. You block the orc priest's attack. Grinder gestures at you.
Pain shoots through your body!
You die...

###### ### .....#
##.#####.....#. #
###....))@o.....?
#
#......)##5......
# #.##.##.#
....... ######
#.##.# ##.....
.....# #.##.#
####. .###.#
#....# .# #.#
#.#####.# .# #.#
#.......# .# #.#
#######.#


You could see Grinder and an orc priest.

Vanquished Creatures
  A phantom (D:4)
  A scorpion (D:4)
  An orc priest (D:4)
  An iguana (D:5)
  Jessica (D:3)
  An orc wizard (D:4)
  A worker ant (D:4)
  3 gnolls (D:4)
  5 adders
  A shadow imp (D:6)
  An adder skeleton (D:4)
  A worm (D:2)
  A leopard gecko (D:2)
  3 orcs (D:3)
  A ball python (D:3)
  6 giant cockroaches
  10 goblins
  7 hobgoblins
  11 jackals
  A quokka (D:3)
  5 bats
  3 frilled lizards
  2 jackal skeletons (D:4)
  9 kobolds
  8 rats
85 creatures vanquished.

Notes
Turn   | Place    | Note
-------+----------+-------------------------------------------
     0 | D:1      | homeworkjunkie the Hill Orc Fighter began the quest for the Orb.
     0 | D:1      | Reached XP level 1. HP: 19/19 MP: 1/1
   141 | D:2      | Reached skill level 3 in Axes
   141 | D:2      | Reached XP level 2. HP: 25/27 MP: 2/2
   197 | D:2      | Reached XP level 3. HP: 23/33 MP: 3/3
   868 | D:3      | Reached skill level 4 in Axes
   868 | D:3      | Reached XP level 4. HP: 40/40 MP: 4/4
  1109 | D:5      | Entered Level 5 of the Dungeon
  1536 | D:3      | Noticed Jessica
  1543 | D:3      | Killed Jessica
  1543 | D:3      | Reached XP level 5. HP: 44/46 MP: 5/5
  1587 | D:2      | Reached skill level 5 in Axes
  2415 | D:3      | You fall through a shaft for 3 floors!
  2483 | D:6      | Found a snail-covered altar of Cheibriados.
  2483 | D:6      | Found a basalt altar of Yredelemnul.
  2483 | D:6      | Found a bloodstained altar of Trog.
  2484 | D:6      | Found a hazy altar of Hepliaklqana.
  2496 | D:6      | Found Xodgharagg's General Store.
  3014 | D:4      | Reached XP level 6. HP: 44/53 MP: 6/6
  3041 | D:4      | Noticed a phantom
  3066 | D:4      | Killed a phantom
  3066 | D:4      | Reached skill level 6 in Axes
  3102 | D:4      | Noticed Grinder
  3104 | D:4      | Reached skill level 5 in Armour
  3108 | D:4      | Reached XP level 7. HP: 52/60 MP: 7/7
  3111 | D:4      | Paralysed by Grinder for 5 turns
  3127 | D:4      | Killed from afar by Grinder

Skill      XL: |  1  2  3  4  5  6 |
---------------+-------------------+-----
Axes           | 3 4 5 6 |  6.6
Fighting       | 4 |  4.8
Armour         | 4 5 |  5.0
Shields        | 4 |  4.1
Dodging        | |  0.2
Stealth        | |  0.6

Action                   |  1- 3 |  4- 6 |  7- 9 || total
-------------------------+-------+-------+-------++-------
Melee: War axe           |    77 |   186 |    11 ||   274
  Use: Scroll            |     4 |     3 |       ||     7
       Potion            |     2 |     3 |     2 ||     7
  Eat: Meat ration       |       |     1 |       ||     1
       Royal jelly       |       |     2 |       ||     2
Armor: Scale mail        |    36 |    80 |     1 ||   117
Dodge: Dodged            |    27 |    60 |     4 ||    91
Block: Shield            |    35 |    14 |       ||    49
       Buckler           |       |    50 |     4 ||    54
